 Dungeon Sprint DCSS version 0.31-a0-38-g1548c4f2a5 (webtiles) character file.

Game seed: 190608522484868749

479784 fozzywoppz the Skullcrusher (level 19, 96/153 HPs)
             Began as a Gargoyle Fighter on May 16, 2023.
             Was the Champion of Qazlal.
             Escaped with the Orb!
             The game lasted 00:38:00 (2408 turns).

fozzywoppz the Skullcrusher (Gargoyle Fighter)      Turns: 2408, Time: 00:38:00

Health: 96/153     AC: 64    Str: 36    XL:     19   Next: 73%
Magic:  45/45      EV: 35    Int:  8    God:    Qazlal [******]
Gold:   9          SH: 36    Dex: 31    Spells: 29/42 levels left

rFire   + . .        y - +13 consecrated labrys {holy, Valiant Fragile Fly SInv}
rCold   + + .        n - +5 kite shield
rNeg    + . .        G - +12 gold dragon scales
rPois   ∞            R - +2 hat {Will+}
rElec   +            N - scarf of the Will of the Gods {+Inv, Will+ Dex+5}
rCorr   .            T - +2 pair of gloves {Str+3}
SInv    +            x - +1 pair of boots of Unreason {Str+3 Dex+4}
Will    +++..        K - amulet "Xunytwit" {RegenMP Contam Harm Regen+ Dex+4} Stlth
                     X - ring "Laiphyet" {rC+ Str+3 Dex+7 Slay+2}
HPRegen 1.25/turn    Z - ring of the Octopus King {HP+2 MP+9 AC+2 EV+2 SH+2}
MPRegen 0.69/turn

%: no teleportation, harm (+30% outgoing, +20% incoming), repel missiles
@: flying, studying 2 skills
A: sickness immunity, AC +14, big wings, negative energy resistance 1,
electricity resistance, torment resistance 1, petrification resistance
0: Orb of Zot
a: Renounce Religion, Evoke Invisibility, Upheaval, Elemental Force, Disaster
Area


You escaped.
You worshipped Qazlal.
Qazlal was exalted by your worship.
You visited 1 branch You collected 9 gold pieces.

Inventory:

Hand Weapons
 b - a +9 demon whip of flaming
 y - the +13 consecrated labrys (weapon) {holy, Valiant Fragile Fly SInv}
   (You found it in the Dungeon)

   Valiant:   It becomes more powerful as more dangerous foes come into view.
   SInv:      It lets you see invisible.
   Fly:       It grants you flight.
   Fragile:   It will be destroyed if unequipped.
 D - the +7 great mace "Firestarter" {flame, immolate, rFlCloud rF++}
   (You found it in the Dungeon)

   rFlCloud:  It grants immunity to clouds of flame.
   rF:        It greatly protects you from fire.
 E - the +6 shillelagh "Devastator" {shatter}
   (You found it in the Dungeon)
 F - the +10 dark maul {heavy}
   (You found it in the Dungeon)
 J - the +8 mithril axe "Arga" {speed, Will+}
   (You found it in the Dungeon)

   Will:      It increases your willpower.
 O - the +8 frozen axe "Frostbite" {freeze, freezing cloud, *Noise Fly rC+}
   (You found it in the Dungeon)

   rC:        It protects you from cold.
   Fly:       It grants you flight.
   *Noise:    It may make noises in combat.
 P - a +6 eveningstar of venom
Armour
 n - a +5 kite shield (worn)
 x - the +1 pair of boots of Unreason (worn) {Str+3 Dex+4}
   (You found it in the Dungeon)

   Str:       It affects your strength (+3).
   Dex:       It affects your dexterity (+4).
 G - +12 gold dragon scales (worn)
 N - the scarf of the Will of the Gods (worn) {+Inv, Will+ Dex+5}
   (You found it in the Dungeon)

   Dex:       It affects your dexterity (+5).
   Will:      It increases your willpower.
 R - a +2 hat of willpower (worn)
 T - a +2 pair of gloves of strength (worn)
Jewellery
 a - a ring of protection from fire
 w - the ring "Cung" {rC+ Slay+3}
   (You found it in the Dungeon)

   [ring of protection from cold]

   Slay:      It affects your accuracy & damage with ranged weapons and melee
   (+3).
   rC:        It protects you from cold.
 z - the ring of Veevouf {rN+ rCorr AC+4}
   (You found it in the Dungeon)

   [ring of protection]

   AC:        It affects your AC (+4).
   rN:        It protects you from negative energy.
   rCorr:     It protects you from acid and corrosion.
 H - the ring of the Slashing Gods {Str+4 Dex+6}
   (You found it in the Dungeon)

   [ring of dexterity]

   Str:       It affects your strength (+4).
   Dex:       It affects your dexterity (+6).
 I - a ring of positive energy
 K - the amulet "Xunytwit" (around neck) {RegenMP Contam Harm Regen+ Dex+4}
   (You found it in the Dungeon)

   [amulet of magic regeneration]

   It increases your rate of magic regeneration.
   Dex:       It affects your dexterity (+4).
   Contam:    It causes magical contamination when unequipped.
   Regen:     It increases your rate of health regeneration.
   Harm:      It increases damage dealt and taken.
 M - an amulet of the acrobat
 S - the ring "Nusasha" {Fire rN+}
   (You found it in the Dungeon)

   [ring of fire]

   It enhances your fire magic.
   rF:        It protects you from fire.
   rC:        It makes you vulnerable to cold.
   rN:        It protects you from negative energy.
 U - a +4 ring of protection
 X - the ring "Laiphyet" (left hand) {rC+ Str+3 Dex+7 Slay+2}
   (You found it in the Dungeon)

   [ring of protection from cold]

   Str:       It affects your strength (+3).
   Dex:       It affects your dexterity (+7).
   Slay:      It affects your accuracy & damage with ranged weapons and melee
   (+2).
   rC:        It protects you from cold.
 Y - the ring of Xemull {*Slow Will+ Str+4 Int+2}
   (You found it in the Dungeon)

   [ring of willpower]

   Str:       It affects your strength (+4).
   Int:       It affects your intelligence (+2).
   *Slow:     It may slow you when you take damage.
   Will:      It increases your willpower.
 Z - a ring of the Octopus King (right hand) {HP+2 MP+9 AC+2 EV+2 SH+2}
   (You found it in the Dungeon)

   [ring of magical power]

   AC:        It affects your AC (+2).
   EV:        It affects your evasion (+2).
   HP:        It affects your health (+2).
   MP:        It affects your magic capacity (+9).
   SH:        It affects your SH (+2).
Wands
 c - a wand of digging (19)
 s - a wand of mindburst (56)
 t - a wand of iceblast (80)
 u - a wand of quicksilver (30)
 B - a wand of flame (92)
 C - a wand of paralysis (81)
 L - a wand of polymorph (17)
Scrolls
 j - 3 scrolls of blinking
 o - 4 scrolls of amnesia
 p - 7 scrolls of fog
 q - 4 scrolls of identify
 r - 2 scrolls of fear
 A - 3 scrolls of enchant armour
 Q - 5 scrolls of brand weapon
Potions
 d - 6 potions of might
 e - 11 potions of curing
 f - 11 potions of heal wounds
 g - 16 potions of haste
 h - 4 potions of magic
 i - 3 potions of berserk rage
 k - 2 potions of brilliance
 l - 2 potions of invisibility
 m - 4 potions of resistance
Miscellaneous
 v - a box of beasts
 V - a lightning rod (4/4)
 W - a condenser vane


   Skills:
 O Level 27 Fighting
 - Level 7.2(18.0) Axes
 O Level 27 Maces & Flails
 O Level 27 Armour
 O Level 27 Dodging
 O Level 27 Shields
 - Level 12.1 Spellcasting
 + Level 3.0 Conjurations
 - Level 18.8 Earth Magic
 O Level 27 Invocations
 - Level 12.0 Evocations


You had 29 spell levels left.
You knew the following spells:

 Your Spells              Type           Power      Damage    Failure   Level
a - Borgnjor's Vile Clut  Necr/Erth      9%         N/A       30%         5
b - Stone Arrow           Conj/Erth      44%        3d9       1%          3
c - Lee's Rapid Deconstr  Erth           17%        3d11*     1%          5

Your spell library contained the following spells:

 Spells                   Type           Power      Damage    Failure   Level
 Sandblast                Erth           70%        2d15      1%          1
 Passwall                 Tmut/Erth      15%        N/A       1%          2
 Leda's Liquefaction      Hex/Erth       9%         N/A       11%         4
 Petrify                  Tmut/Erth      19%        N/A       11%         4
 Magic Dart               Conj           36%        1d4       14%         1
 Foxfire                  Conj/Fire      28%        2x1d5     28%         1
 Shock                    Conj/Air       28%        1d4       28%         1
 Momentum Strike          Conj/Tloc      14%        3d8       38%         2
 Static Discharge         Conj/Air       14%        2-3/arc   38%         2
 Apportation              Tloc           8%         N/A       45%         1
 Freeze                   Ice            16%        1d4       45%         1
 Slow                     Hex            16%        N/A       45%         1
 Summon Small Mammal      Summ           16%        N/A       45%         1
 Blink                    Tloc           8%         N/A       61%         2
 Call Imp                 Summ           8%         N/A       61%         2
 Ensorcelled Hibernation  Hex/Ice        8%         N/A       61%         2
 Lesser Beckoning         Tloc           8%         N/A       61%         2
 Poisonous Vapours        Pois/Air       8%         N/A       61%         2
 Scorch                   Fire           8%         2d5       61%         2
 Wereblood                Tmut           4%         N/A       61%         2
 Dazzling Flash           Conj/Hex       14%        N/A       63%         3
 Hailstorm                Conj/Ice       7%         3d4       63%         3
 Iron Shot                Conj/Erth      11%        9d3       65%         6
 Mephitic Cloud           Conj/Pois/Air  6%         N/A       71%         3
 Call Canine Familiar     Summ           4%         N/A       83%         3
 Confusing Touch          Hex            4%         N/A       83%         3
 Frozen Ramparts          Ice            8%         1d2       83%         3
 Gell's Gravitas          Tloc           4%         N/A       83%         3
 Ignite Poison            Fire/Tmut/Pois 4%         N/A       83%         3
 Ozocubu's Armour         Ice            4%         N/A       83%         3
 Spider Form              Tmut/Pois      4%         N/A       83%         3
 Summon Guardian Golem    Hex/Summ       4%         N/A       83%         3
 Swiftness                Air            4%         N/A       83%         3
 Teleport Other           Tloc           4%         N/A       83%         3
 Vampiric Draining        Necr           4%         2d6       83%         3
 Vhi's Electric Charge    Tloc/Air       8%         N/A       83%         3
 Volatile Blastmotes      Fire/Tloc      8%         2d10      83%         3
 Flame Wave               Conj/Fire      7%         2d5       95%         4
 Fulminant Prism          Conj/Hex       3%         3d5       95%         4
 Sticky Flame             Conj/Fire      7%         2d3       95%         4
 Airstrike                Air            2%         2d(1-17)  99%         4
 Anguish                  Hex/Necr       2%         N/A       99%         4
 Animate Dead             Necr           4%         N/A       99%         4
 Cause Fear               Hex            2%         N/A       99%         4
 Dispel Undead            Necr           4%         3d7       99%         4
 Ice Form                 Ice/Tmut       4%         N/A       99%         4
 Manifold Assault         Tloc           4%         N/A       99%         4
 Passage of Golubria      Tloc           4%         N/A       99%         4
 Summon Ice Beast         Ice/Summ       4%         N/A       99%         4
 Summon Lightning Spire   Summ/Air       4%         N/A       99%         4
 Iskenderun's Battlesphe  Conj           9%         2d6       99%         5
 Agony                    Necr           4%         N/A       100%        5
 Alistair's Intoxication  Tmut/Pois      2%         N/A       100%        5
 Fireball                 Conj/Fire      3%         3d4       100%        5
 Irradiate                Conj/Tmut      3%         3d12      100%        5
 Metabolic Englaciation   Hex/Ice        2%         N/A       100%        5
 Silence                  Hex/Air        2%         N/A       100%        5
 Summon Forest            Summ/Tloc      2%         N/A       100%        5
 Summon Mana Viper        Hex/Summ       4%         N/A       100%        5
 Conjure Ball Lightning   Conj/Air       3%         3x3d6     100%        6
 Death Channel            Necr           2%         N/A       100%        6
 Dispersal                Tloc           2%         N/A       100%        6
 Eringya's Noxious Bog    Tmut/Pois      2%         N/A       100%        6
 Plasma Beam              Fire/Air       2%         2x1d13    100%        6
 Simulacrum               Ice/Necr       2%         N/A       100%        6
 Starburst                Conj/Fire      3%         6d3       100%        6
 Summon Cactus Giant      Summ           2%         N/A       100%        6
 Dragon Form              Tmut           2%         N/A       100%        7
 Haunt                    Necr/Summ      2%         N/A       100%        7
 Malign Gateway           Summ/Tloc      2%         N/A       100%        7
 Monstrous Menagerie      Summ           2%         N/A       100%        7
 Orb of Destruction       Conj           4%         9d5       100%        7
 Ozocubu's Refrigeration  Ice            2%         4d7       100%        7
 Spellforged Servitor     Conj/Summ      3%         N/A       100%        7
 Storm Form               Tmut/Air       2%         N/A       100%        7
 Summon Hydra             Summ           2%         N/A       100%        7
 Borgnjor's Revivificati  Necr           2%         N/A       100%        8
 Discord                  Hex            2%         N/A       100%        8
 Disjunction              Tloc           2%         N/A       100%        8
 Ignition                 Fire           2%         3d3       100%        8
 Infestation              Necr           2%         N/A       100%        8
 Lehudib's Crystal Spear  Conj/Erth      11%        10d4      100%        8
 Maxwell's Capacitive Co  Air            2%         ∞         100%        8
 Necromutation            Tmut/Necr      2%         N/A       100%        8
 Summon Horrible Things   Summ           2%         N/A       100%        8
 Chain Lightning          Conj/Air       3%         3d4       100%        9
 Death's Door             Necr           2%         N/A       100%        9
 Dragon's Call            Summ           2%         N/A       100%        9
 Cigotuvi's Dreadful Rot  Necr/Pois/Air  Unusable   N/A       N/A         2
 Sublimation of Blood     Necr           Unusable   N/A       N/A         2
 Statue Form              Tmut/Erth      Unusable   N/A       N/A         6

Dungeon Overview and Level Annotations

Branches:
Dungeon (1/1)

Altars:
Ashenzari
Cheibriados
Dithmenos
Elyvilon
Fedhas
Gozag
Hepliaklqana
Kikubaaqudgha
Makhleb
Nemelex Xobeh
Okawaru
Qazlal
Ru
Sif Muna
Trog
Uskayaw
Vehumet
Wu Jian
Xom
Yredelemnul
Zin
The Shining One
Jiyva
Lugonu


Innate Abilities, Weirdness & Mutations

You are immune to sickness and miasma.
Your stone body is resilient. (AC +14)
You are immune to poison.
Your large and strong wings let you fly.
You resist negative energy. (rN+)
You are resistant to electric shocks. (rElec)
You are resistant to unholy torment.
You are immune to petrification.


Message History

You block the sixfirhy's attack.
You miss the sixfirhy.
The sixfirhy is severely wounded.
The sixfirhy is engulfed in freezing vapours.
You block the sixfirhy's attack.
The sixfirhy is engulfed in freezing vapours.
You block the sixfirhy's attack.
The sixfirhy is engulfed in freezing vapours.
The sixfirhy closely misses you. You block the sixfirhy's attack.
There is a staircase leading out of the dungeon here.
You miss the sixfirhy.
The sixfirhy is almost dead.
Unknown command.
You slice the sixfirhy!!
You kill the sixfirhy!
Qazlal accepts your kill.
Your Conjurations skill gained 3 levels and is now at level 3!
Unknown command.
You can't go down here!
This spell is dangerous to cast!
Memorise Borgnjor's Vile Clutch, consuming 5 spell levels and leaving 37?
You start memorising the spell.
You continue memorising. x5
You finish memorising.
Spell assigned to 'a'.
Memorise Stone Arrow, consuming 3 spell levels and leaving 34?
You start memorising the spell.
You continue memorising. x3
You finish memorising.
Spell assigned to 'b'.
This spell is mildly dangerous to cast.
Memorise Lee's Rapid Deconstruction, consuming 5 spell levels and leaving 29?
You start memorising the spell.
You continue memorising. x5
You finish memorising.
Spell assigned to 'c'.
Okay, then.
Okay, then.
The Brimstone Fiend gestures at you.
The sphere of damnation explodes!
The damnation engulfs you!!
Unknown command.
The Brimstone Fiend gestures at you.
The sphere of damnation explodes!
The damnation engulfs you!!
There is a staircase leading out of the dungeon here.
You have escaped!

...[..[[††..▓.....†..†....▓...8©8
.[.[........▓..▓..†....▓..▓..=[..
...)........▓......†......▓..).).
............▓...........†.▓......
....†.......▓......©......▓......
............▓▓▓▓▓▓▓▓▓▓▓▓▓▓▓......
▓.......▓...▓8888888888888▓......
▓▓..≈..▓▓▓..▓8.°.........8▓...†..
▓≈≈.≈.≈.▓...▓8..@...1.©..8▓.▓..)†
.≈.≈........▓8.○..○......8▓...)©.
....©.......▓8888888888888▓▓▓▓▓▓▓
▓▓▓▓▓▓▓▓▓▓▓▓▓▓▓▓▓▓▓▓▓▓▓▓▓▓▓▓▓▓▓▓▓
.....8©8........▓........8©8.....
.=[)|."|[|.|.)..▓."=[).)).|:))†..
[[..[)|.=="=..).▓.|)."=).:|."..=:
)[.[=[....:..:..▓.)..==.|)".".[.:
................▓...†..).).).....


You could see a Brimstone Fiend.

Vanquished Creatures
  4 royal mummies (D)
  2 shard shrikes (D)
  Saint Roka (D)
  11 caustic shrikes (D)
  11 iron giants (D)
  9 Ice Fiends (D)
  17 Hell Sentinels (D)
  2 titans (D)
  A tentacled starspawn (D)
  Agnes (D)
  5 ancient champions (D)
  Gastronok (D)
  A draconian monk (D)
  4 azure jellies (D)
  A nagaraja (D)
  2 rockslimes (D)
  11 narguns (D)
  3 fire giants (D)
  16 quicksilver elementals (D)
  5 frost giants (D)
  3 iron dragons (D)
  Aizul (D)
  An angel (D)
  2 emperor scorpions (D)
  A ghost moth (D)
  Louise (D)
  3 spriggan defenders (D)
  A quicksilver ooze (D)
  11 war gargoyles (D)
  6 stone giants (D)
  Azrael (D)
  A starcursed mass (D)
  A spark wasp (D)
  11 wendigos (D)
  3 ettins (D)
  3 blizzard demons (D)
  18 iron golems (D)
  Snorg (D)
  2 fire dragons (D)
  3 mummy priests (D)
  2 entropy weavers (D)
  8 spriggan air magi (D)
  4 ice dragons (D)
  2 boulder beetles (D)
  A radroach (D)
  A naga warrior (D)
  4 death scarabs (D)
  A thrashing horror (D)
  A sixfirhy (D)
  A skyshark (D)
  16 crystal echidnas (D)
  A pharaoh ant (D)
  3 sun moths (D)
  A spriggan druid (D)
  A flayed ghost (D)
  A glowing orange brain (D)
  An orb spider (D)
  A large abomination (D)
  An orc sorcerer (D)
  2 wolf spiders (D)
  3 cyclopes (D)
  A worldbinder (D)
  Maurice (D)
  A moth of wrath (D)
  Joseph (D)
  4 black mambas (D)
  3 guardian serpents (D)
  5 cane toads (D)
  2 demonic crawlers (D)
  2 torpor snails (D)
  17 hellions (D)
  7 rime drakes (D)
  6 freezing wraiths (D)
  4 guardian mummies (D)
  7 tormentors (D)
  6 komodo dragons (D)
  3 ice devils (D)
  3 merfolk (D)
  7 polar bears (D)
  4 ancient zymes (D)
  6 hornets (D)
  5 wind drakes (D)
  Prince Ribbit (D)
  A tarantella (D)
  2 blink frogs (D)
  2 jumping spiders (D)
  A culicivora (D)
  2 slime creatures (D)
  5 air elementals (D)
  8 spriggans (D)
  A ynoxinul (D)
  4 ushabtiu (D)
  2 vampires (D)
  3 golden eyes (D)
  2 basilisks (D)
  2 fire elementals (D)
  2 redbacks (D)
  A chaos spawn (D)
  A neqoxec (D)
  9 water moccasins (D)
  3 hell hounds (D)
  A floating eye (D)
  Pargi (D)
  4 ice beasts (D)
  5 black bears (D)
  3 ogres (D)
  3 centaurs (D)
  2 wolves (D)
  A bullfrog (D)
  A necrophage (D)
  2 wights (D)
  3 crimson imps (D)
  3 quasits (D)
  6 small abominations (D)
  2 jellies (D)
  Ijyb (D)
  An iguana (D)
  Terence (D)
  10 mummies (D)
  3 river rats (D)
  6 white imps (D)
  2 ufetubi (D)
  2 adder skeletons (D)
  4 adder simulacra (D)
  A bat zombie (D)
  2 endoplasms (D)
  A ball python (D)
  2 ball python simulacra (D)
  A ball python skeleton (D)
  A ball python zombie (D)
  4 bat simulacra (D)
  3 giant cockroach simulacra (D)
  A jackal simulacrum (D)
  2 jackal skeletons (D)
  A quokka simulacrum (D)
  A quokka zombie (D)
  A fire vortex (D)
  A lurking horror (D)
  A starspawn tentacle (D)
475 creatures vanquished.

Vanquished Creatures (collateral kills)
  2 Ice Fiends (D)
  A tentacled starspawn (D)
  A fire giant (D)
  3 frost giants (D)
  3 stone giants (D)
  2 blizzard demons (D)
  An ettin (D)
  A pharaoh ant (D)
  2 wolf spiders (D)
  2 cyclopes (D)
  A large abomination (D)
  2 rime drakes (D)
  A komodo dragon (D)
  3 ice devils (D)
  3 freezing wraiths (D)
  A polar bear (D)
  A blink frog (D)
  2 hornets (D)
  A tarantella (D)
  5 slime creatures (D)
  2 yaks (D)
  A small abomination (D)
  An ice beast (D)
  A wolf (D)
  3 bullfrogs (D)
  2 jellies (D)
  A white imp (D)
  3 adder simulacra (D)
  A ball python simulacrum (D)
  A giant cockroach simulacrum (D)
  A starspawn tentacle (D)
55 creatures vanquished.

Vanquished Creatures (others)
  A stone giant (D)
  A bat simulacrum (D)
  8 starspawn tentacles (D)
10 creatures vanquished.

Grand Total: 540 creatures vanquished

Notes
Turn   | Place    | Note
-------+----------+-------------------------------------------
     0 | D        | fozzywoppz the Gargoyle Fighter began the quest for the
                  | Orb.
     0 | D        | Reached XP level 1. HP: 14/14 MP: 1/1
     0 | D        | Found a shimmering blue altar of Sif Muna.
     0 | D        | Found a sacrificial altar of Ru.
     0 | D        | Found a bloodstained altar of Trog.
     0 | D        | Found a stormy altar of Qazlal.
     0 | D        | Found an iron altar of Okawaru.
     0 | D        | Found a sparkling altar of Nemelex Xobeh.
     0 | D        | Found a blossoming altar of Fedhas.
     0 | D        | Found the +6 Majin-Bo {spellvamp, MP+6 Int+6}
     0 | D        | Found the +27 heavy crossbow "Sniper" {heavy, Acc+∞ SInv}
     0 | D        | Found the +10 dark maul {heavy}
     0 | D        | Found the +15 Maxwell's patent armour {-Cast -Tele rElec
                  | Will+ rCorr}
     0 | D        | Found the +18 shield of the Gong {Loud rN+ Will+ rCorr
                  | EV-5}
     0 | D        | Found the +16 obsidian axe {drain, demonic, Mesm Drain Fly
                  | SInv}
     0 | D        | Found the +7 great mace "Firestarter" {flame, immolate,
                  | rFlCloud rF++}
     0 | D        | Found the +6 shillelagh "Devastator" {shatter}
     0 | D        | Found the +11 plutonium sword {Contam Stlth-}
     0 | D        | Found the +8 lance "Wyrmbane" {slay drac, rPois rF+ rC+
                  | AC+3}
     0 | D        | Found the +9 sword of Zonguldrok {reap}
     0 | D        | Found the +13 scythe of Curses {drain, curses, Drain}
     0 | D        | Found the +9 sword of Power {lifebolt}
     0 | D        | Found the +7 mace of Variability {chaos, chaos arc}
     0 | D        | Found the +11 Singing Sword {sonic wave}
     0 | D        | Found the +8 storm bow {elec, penet}
     2 | D        | Found a transporter.
     2 | D        | Found an ancient bone altar of Kikubaaqudgha.
     2 | D        | Found a viscous altar of Jiyva.
     2 | D        | Found a corrupted altar of Lugonu.
     2 | D        | Found a hazy altar of Hepliaklqana.
     2 | D        | Found a burning altar of Makhleb.
     2 | D        | Found an opulent altar of Gozag.
    56 | D        | Reached skill level 5 in Fighting
    56 | D        | Reached skill level 5 in Armour
    56 | D        | Reached skill level 5 in Shields
    56 | D        | Reached XP level 2. HP: 21/21 MP: 2/2
    85 | D        | Became a worshipper of Qazlal Stormbringer
    93 | D        | Entered arena 2.
    93 | D        | Noticed a floating eye
    93 | D        | Found a transporter.
    95 | D        | Paralysed by a floating eye for 4 turns
    99 | D        | Killed a floating eye
   100 | D        | Reached XP level 3. HP: 29/29 MP: 3/3
   100 | D        | Reached XP level 4. HP: 35/35 MP: 4/4
   101 | D        | Reached XP level 5. HP: 39/39 MP: 5/5
   114 | D        | Entered arena 3.
   114 | D        | Found a transporter.
   117 | D        | Reached * piety under Qazlal
   142 | D        | Got the +6 broad axe "Esiliej" {heavy, Will++ MP+9 Dex+3}
   144 | D        | Entered arena 4.
   144 | D        | Found a transporter.
   150 | D        | Reached ** piety under Qazlal
   151 | D        | Reached XP level 6. HP: 41/46 MP: 8/8
   157 | D        | Reached *** piety under Qazlal
   167 | D        | Entered arena 5.
   167 | D        | Noticed a cyclops
   167 | D        | Found a transporter.
   170 | D        | Reached skill level 10 in Fighting
   170 | D        | Reached XP level 7. HP: 52/52 MP: 9/12
   171 | D        | Reached skill level 10 in Maces & Flails
   172 | D        | Killed a cyclops
   172 | D        | Reached **** piety under Qazlal
   173 | D        | Reached XP level 8. HP: 57/57 MP: 9/15
   180 | D        | Entered arena 6.
   180 | D        | Found a transporter.
   187 | D        | Reached skill level 10 in Invocations
   188 | D        | Reached ***** piety under Qazlal
   201 | D        | Entered arena 7.
   201 | D        | Noticed a spriggan druid
   201 | D        | Noticed a spriggan rider
   203 | D        | Killed a spriggan druid
   203 | D        | Killed a hornet
   203 | D        | Killed a spriggan
   204 | D        | Reached skill level 5 in Dodging
   204 | D        | Reached XP level 9. HP: 62/62 MP: 5/18
   204 | D        | Found a transporter.
   212 | D        | Got the ring "Cung" {rC+ Slay+3}
   284 | D        | Entered arena 8.
   285 | D        | Found a transporter.
   292 | D        | Reached ****** piety under Qazlal
   301 | D        | Got the ring of the Slashing Gods {Str+4 Dex+6}
   315 | D        | Got the +0 plate armour "Ukkeny" {rElec}
   317 | D        | Entered arena 9.
   317 | D        | Noticed a merfolk
   317 | D        | Noticed a wind drake
   317 | D        | Noticed a merfolk
   317 | D        | Noticed a merfolk
   319 | D        | Killed a merfolk
   319 | D        | Killed a merfolk
   319 | D        | Killed a wind drake
   320 | D        | Reached XP level 10. HP: 53/68 MP: 10/19
   320 | D        | Found a transporter.
   378 | D        | Entered arena 10.
   379 | D        | Paralysed by an air elemental for 1 turns
   381 | D        | Found a transporter.
   403 | D        | Got the Disquisition on Zombies and Ceraunoscopy
   408 | D        | Got the Compendium of Conflict
   428 | D        | Entered arena 11.
   428 | D        | Found the +8 mithril axe "Arga" {speed, Will+}
   428 | D        | Noticed a spriggan rider
   428 | D        | Noticed a spriggan rider
   429 | D        | Found a transporter.
   435 | D        | Reached skill level 15 in Maces & Flails
   442 | D        | Killed a spriggan rider
   443 | D        | Reached skill level 10 in Armour
   443 | D        | Reached XP level 11. HP: 45/72 MP: 18/21
   448 | D        | Killed a spriggan rider
   466 | D        | Got the ring of Ziah Xaow {rPois Int+6}
   468 | D        | Got the ring "Byffac" {rPois rN+ Str-4 Dex+7}
   481 | D        | Entered arena 12.
   481 | D        | Noticed a fire giant
   481 | D        | Noticed a fire dragon
   481 | D        | Noticed a fire giant
   482 | D        | Noticed a fire dragon
   484 | D        | Found a transporter.
   487 | D        | Killed a fire dragon
   488 | D        | Reached skill level 10 in Shields
   488 | D        | Killed a fire giant
   489 | D        | Reached skill level 10 in Dodging
   489 | D        | Killed a fire dragon
   492 | D        | Killed a fire giant
   512 | D        | Got the +1 pair of boots of Unreason {Str+3 Dex+4}
   571 | D        | Entered arena 13.
   571 | D        | Noticed a naga warrior
   571 | D        | Noticed a nagaraja
   576 | D        | Killed a nagaraja
   577 | D        | Reached XP level 12. HP: 74/77 MP: 12/22
   580 | D        | Killed a naga warrior
   581 | D        | Found the +5 robe of Night {Dark Will+ SInv}
   583 | D        | Found a transporter.
   596 | D        | Got the ring "Gifeh" {Fly Int-2 Dex+4 SInv}
   620 | D        | Entered arena 14.
   620 | D        | Noticed a quicksilver elemental
   620 | D        | Noticed an ancient champion
   620 | D        | Noticed an iron giant
   620 | D        | Noticed an iron dragon
   620 | D        | Noticed a war gargoyle
   621 | D        | Noticed a war gargoyle
   621 | D        | Noticed an ancient champion
   621 | D        | Noticed an ancient champion
   621 | D        | Noticed an iron dragon
   621 | D        | Noticed an iron dragon
   622 | D        | Noticed a quicksilver elemental
   623 | D        | Killed a war gargoyle
   623 | D        | Killed a war gargoyle
   623 | D        | Killed a quicksilver elemental
   623 | D        | Killed an ancient champion
   625 | D        | Killed a quicksilver elemental
   626 | D        | Reached skill level 15 in Invocations
   627 | D        | Killed an ancient champion
   630 | D        | Killed an iron giant
   630 | D        | Killed an ancient champion
   630 | D        | Killed an iron dragon
   631 | D        | Reached XP level 13. HP: 29/88 MP: 8/24
   633 | D        | Killed an iron dragon
   637 | D        | Killed an iron dragon
   638 | D        | Found a transporter.
   659 | D        | Got Seux Loo's Vellum of the Commander and the Singularity
   762 | D        | Entered arena 15.
   763 | D        | Noticed an emperor scorpion
   763 | D        | Noticed an entropy weaver
   763 | D        | Noticed an emperor scorpion
   764 | D        | Killed an entropy weaver
   765 | D        | Killed an emperor scorpion
   767 | D        | Found a transporter.
   780 | D        | Killed an emperor scorpion
   803 | D        | Got the scarf of the Will of the Gods {+Inv, Will+ Dex+5}
   817 | D        | Entered arena 16.
   817 | D        | Noticed a wendigo
   818 | D        | Noticed an azure jelly
   818 | D        | Noticed a frost giant
   818 | D        | Identified the ring "Taggilet" {rPois Str+2 Int+6 Slay+2}
   818 | D        | Noticed a frost giant
   818 | D        | Noticed a wendigo
   818 | D        | Noticed an Ice Fiend
   821 | D        | Killed a wendigo
   821 | D        | Killed a wendigo
   822 | D        | Reached skill level 15 in Fighting
   822 | D        | Reached skill level 15 in Armour
   822 | D        | Reached skill level 15 in Shields
   823 | D        | Killed an Ice Fiend
   824 | D        | Killed an azure jelly
   825 | D        | Killed a frost giant
   826 | D        | Found a transporter.
   832 | D        | Killed a frost giant
  1011 | D        | Entered arena 17.
  1012 | D        | Noticed Prince Ribbit
  1013 | D        | Noticed Pargi
  1013 | D        | Noticed Aizul
  1013 | D        | Noticed Agnes
  1013 | D        | Identified the ring "Xemapt" {rF+ rN+ Int+6 Dex-5 SInv}
  1013 | D        | Noticed Saint Roka
  1014 | D        | Noticed Snorg
  1014 | D        | Noticed Joseph
  1014 | D        | Noticed Terence
  1014 | D        | Noticed Louise
  1014 | D        | Noticed Azrael
  1014 | D        | Noticed Maurice
  1014 | D        | Identified the +6 falchion of Upheaval {heavy, rC+}
  1014 | D        | Noticed Ijyb
  1015 | D        | Killed Terence
  1015 | D        | Killed Ijyb
  1015 | D        | Killed Prince Ribbit
  1015 | D        | Killed Pargi
  1015 | D        | Killed Azrael
  1015 | D        | Noticed Gastronok
  1016 | D        | Gained mutation: Your large and strong wings let you fly.
                  | [Gargoyle growth]
  1016 | D        | Reached XP level 14. HP: 82/100 MP: 18/27
  1016 | D        | Killed Snorg
  1016 | D        | Killed Joseph
  1016 | D        | Killed Maurice
  1023 | D        | Killed Louise
  1026 | D        | Killed Aizul
  1027 | D        | Killed Agnes
  1032 | D        | Killed Saint Roka
  1035 | D        | Found a transporter.
  1037 | D        | Killed Gastronok
  1199 | D        | Entered arena 18.
  1201 | D        | Noticed a rockslime
  1201 | D        | Noticed an azure jelly
  1202 | D        | Noticed a quicksilver ooze
  1202 | D        | Noticed a rockslime
  1203 | D        | Killed an azure jelly
  1203 | D        | Killed a quicksilver ooze
  1207 | D        | Killed a rockslime
  1210 | D        | Killed a rockslime
  1211 | D        | Found a transporter.
  1228 | D        | Got the amulet "Xunytwit" {RegenMP Contam Harm Regen+
                  | Dex+4}
  1272 | D        | Entered arena 19.
  1294 | D        | Found a transporter.
  1307 | D        | Got Bucod's Tome of Phlogiston
  1322 | D        | Got the Parchment of the Alluring Boggart
  1329 | D        | Entered arena 20.
  1333 | D        | Noticed a ghost moth
  1372 | D        | Reached XP level 15. HP: 17/112 MP: 1/29
  1377 | D        | Killed a ghost moth
  1414 | D        | Found a transporter.
  1442 | D        | Got Ite Vot's Volume of Space
  1446 | D        | Got the ring of Juiris {rN+ rCorr Int+3}
  1453 | D        | Got the ring of Rymufia {Fire Dex+3}
  1455 | D        | Got the Enchiridion on the Baneful Fairies
  1485 | D        | Entered arena 21.
  1488 | D        | Noticed a fire giant
  1489 | D        | Noticed a frost giant
  1490 | D        | Noticed a frost giant
  1490 | D        | Killed a frost giant
  1490 | D        | Noticed a titan
  1491 | D        | Noticed a frost giant
  1491 | D        | Noticed a fire giant
  1491 | D        | Noticed a frost giant
  1494 | D        | Killed a fire giant
  1495 | D        | Killed a frost giant
  1496 | D        | Found a transporter.
  1501 | D        | Killed a frost giant
  1503 | D        | Killed a frost giant
  1514 | D        | Killed a fire giant
  1521 | D        | Killed a titan
  1559 | D        | Got the Compendium of Lithomancy
  1564 | D        | Entered arena 22.
  1567 | D        | Identified the ring "Nakkao" {Fire Int+5}
  1570 | D        | Reached XP level 16. HP: 100/125 MP: 24/32
  1572 | D        | Found a transporter.
  1587 | D        | Got the ring "Agaatt" {Str+3 SInv}
  1613 | D        | Entered arena 23.
  1618 | D        | Noticed a royal mummy
  1618 | D        | Noticed a royal mummy
  1618 | D        | Noticed a royal mummy
  1620 | D        | Killed a royal mummy
  1621 | D        | Found the +4 consecrated labrys {holy, Valiant Fragile Fly
                  | SInv}
  1621 | D        | Noticed a royal mummy
  1622 | D        | Killed a royal mummy
  1622 | D        | Killed a royal mummy
  1622 | D        | Killed a royal mummy
  1623 | D        | Reached skill level 27 in Maces & Flails
  1624 | D        | Found a transporter.
  1642 | D        | Got the Omnibus of the Door and the Valley
  1648 | D        | Got Sif Muna's Essays on the Burning Grave
  1658 | D        | Got Luejid's Lessons on the Nimbus
  1680 | D        | Got the Papyrus of Rallying
  1681 | D        | Entered arena 24.
  1687 | D        | Identified the +4 mace "Wuoxiazo" {heavy, Str+7}
  1688 | D        | Noticed a tentacled starspawn
  1688 | D        | Noticed a green draconian monk
  1689 | D        | Noticed a tentacled starspawn
  1689 | D        | Identified the +2 dagger "Sarcophage" {vamp, *Corrode rC+++
                  | rN++ Str-5}
  1697 | D        | Killed a tentacled starspawn
  1699 | D        | Found a transporter.
  1702 | D        | Killed a tentacled starspawn
  1714 | D        | Reached skill level 5 in Axes
  1714 | D        | Killed a green draconian monk
  1734 | D        | Got the ring of Veevouf {rN+ rCorr AC+4}
  1738 | D        | Got the ring "Maefaugi" {Drain rElec rF+ MP+9 Int+2}
  1767 | D        | Entered arena 25.
  1773 | D        | Noticed an Ice Fiend
  1773 | D        | Noticed an Ice Fiend
  1773 | D        | Noticed a shard shrike
  1773 | D        | Noticed an azure jelly
  1774 | D        | Noticed an Ice Fiend
  1775 | D        | Killed a shard shrike
  1775 | D        | Killed an azure jelly
  1775 | D        | Killed an Ice Fiend
  1775 | D        | Killed an azure jelly
  1775 | D        | Killed an Ice Fiend
  1775 | D        | Killed an Ice Fiend
  1775 | D        | Killed a shard shrike
  1775 | D        | Killed an Ice Fiend
  1776 | D        | Reached skill level 27 in Invocations
  1776 | D        | Reached XP level 17. HP: 60/138 MP: 25/34
  1776 | D        | Noticed a titan
  1776 | D        | Found the +4 moon troll leather armour {Spirit, Regen++
                  | MP+5}
  1776 | D        | Noticed an Ice Fiend
  1777 | D        | Noticed an Ice Fiend
  1778 | D        | Killed a titan
  1778 | D        | Killed an Ice Fiend
  1778 | D        | Killed an Ice Fiend
  1779 | D        | Reached skill level 27 in Fighting
  1781 | D        | Found a transporter.
  1869 | D        | Entered arena 26.
  1877 | D        | Noticed an ancient champion
  1877 | D        | Noticed a Hell Sentinel
  1877 | D        | Noticed an iron giant
  1877 | D        | Noticed a Hell Sentinel
  1878 | D        | Killed an ancient champion
  1878 | D        | Noticed an iron giant
  1878 | D        | Noticed a caustic shrike
  1878 | D        | Noticed a caustic shrike
  1879 | D        | Noticed a Hell Sentinel
  1881 | D        | Noticed a Hell Sentinel
  1882 | D        | Noticed a Hell Sentinel
  1882 | D        | Noticed a Hell Sentinel
  1882 | D        | Noticed a Hell Sentinel
  1883 | D        | Killed a Hell Sentinel
  1883 | D        | Killed a Hell Sentinel
  1883 | D        | Killed an iron giant
  1883 | D        | Killed an iron giant
  1883 | D        | Killed a Hell Sentinel
  1883 | D        | Killed a caustic shrike
  1884 | D        | Reached skill level 15 in Dodging
  1886 | D        | Killed a caustic shrike
  1886 | D        | Noticed a Hell Sentinel
  1887 | D        | Noticed a Hell Sentinel
  1887 | D        | Noticed an iron giant
  1889 | D        | Noticed a Hell Sentinel
  1891 | D        | Killed a Hell Sentinel
  1891 | D        | Killed a Hell Sentinel
  1891 | D        | Killed a Hell Sentinel
  1892 | D        | Reached XP level 18. HP: 138/145 MP: 11/35
  1892 | D        | Killed a Hell Sentinel
  1894 | D        | Noticed a Hell Sentinel
  1895 | D        | Killed a Hell Sentinel
  1895 | D        | Killed a Hell Sentinel
  1896 | D        | Reached skill level 27 in Shields
  1896 | D        | Killed a Hell Sentinel
  1898 | D        | Killed a Hell Sentinel
  1899 | D        | Killed a Hell Sentinel
  1908 | D        | Killed an iron giant
  1909 | D        | Found the +8 Vampire's Tooth {megavamp}
  1913 | D        | Found a transporter.
  1967 | D        | Got the amulet of Secrets {Spirit Will+ MP-9 SInv Stlth+}
  1978 | D        | Got Sif Muna's Octavo of Twisted Sculpting
  2048 | D        | Entered arena 27.
  2055 | D        | Noticed an Ice Fiend
  2055 | D        | Noticed an Ice Fiend
  2056 | D        | Noticed an Ice Fiend
  2057 | D        | Killed an Ice Fiend
  2057 | D        | Killed an Ice Fiend
  2058 | D        | Identified the ring "Leotohoa" {rC++ rN+ MP+9}
  2059 | D        | Found the ring of the Octopus King {HP+2 MP+9 AC+2 EV+2
                  | SH+2}
  2059 | D        | Found the +8 frozen axe "Frostbite" {freeze, freezing
                  | cloud, *Noise Fly rC+}
  2059 | D        | Killed an Ice Fiend
  2062 | D        | Noticed an Ice Fiend
  2064 | D        | Found a transporter.
  2066 | D        | Killed an Ice Fiend
  2067 | D        | Reached skill level 27 in Armour
  2070 | D        | Got the ring "Laiphyet" {rC+ Str+3 Dex+7 Slay+2}
  2077 | D        | Got a ring of the Octopus King {HP+2 MP+9 AC+2 EV+2 SH+2}
  2111 | D        | Got the Omnibus of Orientation
  2115 | D        | Got the Precepts of the Twisted Shift
  2118 | D        | Got the ring of Peruudung {rPois SInv}
  2138 | D        | Entered arena 28.
  2145 | D        | Noticed a caustic shrike
  2145 | D        | Noticed a caustic shrike
  2146 | D        | Noticed an iron giant
  2146 | D        | Noticed an iron giant
  2146 | D        | Noticed a caustic shrike
  2146 | D        | Noticed a caustic shrike
  2146 | D        | Noticed a caustic shrike
  2147 | D        | Noticed a caustic shrike
  2147 | D        | Noticed a Hell Sentinel
  2147 | D        | Noticed a caustic shrike
  2147 | D        | Noticed an iron giant
  2147 | D        | Noticed a Hell Sentinel
  2148 | D        | Killed a caustic shrike
  2148 | D        | Killed a caustic shrike
  2148 | D        | Killed a caustic shrike
  2148 | D        | Killed a caustic shrike
  2148 | D        | Killed a caustic shrike
  2148 | D        | Killed a Hell Sentinel
  2148 | D        | Killed an iron giant
  2148 | D        | Killed an iron giant
  2148 | D        | Killed a Hell Sentinel
  2148 | D        | Noticed a caustic shrike
  2149 | D        | Reached skill level 27 in Dodging
  2149 | D        | Reached skill level 1 in Spellcasting
  2149 | D        | Reached skill level 1 in Evocations
  2149 | D        | Reached XP level 19. HP: 113/151 MP: 36/36
  2149 | D        | Noticed a Hell Sentinel
  2150 | D        | Killed a caustic shrike
  2150 | D        | Noticed a Hell Sentinel
  2151 | D        | Noticed an iron giant
  2151 | D        | Noticed an iron giant
  2152 | D        | Killed a Hell Sentinel
  2152 | D        | Killed an iron giant
  2152 | D        | Killed a caustic shrike
  2153 | D        | Killed an iron giant
  2153 | D        | Noticed a caustic shrike
  2157 | D        | Noticed an iron giant
  2162 | D        | Killed a Hell Sentinel
  2163 | D        | Killed an iron giant
  2164 | D        | Reached skill level 15 in Earth Magic
  2166 | D        | Noticed an iron giant
  2167 | D        | Killed a caustic shrike
  2168 | D        | Killed a caustic shrike
  2174 | D        | Noticed a Hell Sentinel
  2176 | D        | Killed an iron giant
  2177 | D        | Reached skill level 10 in Spellcasting
  2177 | D        | Reached skill level 10 in Evocations
  2185 | D        | Killed a Hell Sentinel
  2185 | D        | Killed an iron giant
  2200 | D        | Found a transporter.
  2232 | D        | Got the Folio of the Charged Crevasse
  2237 | D        | Got the ring "Nusasha" {Fire rN+}
  2246 | D        | Got the ring of Xemull {*Slow Will+ Str+4 Int+2}
  2267 | D        | Got the Orb of Zot
  2395 | D        | Learned a level 5 spell: Borgnjor's Vile Clutch
  2399 | D        | Learned a level 3 spell: Stone Arrow
  2403 | D        | Noticed a Brimstone Fiend
  2405 | D        | Learned a level 5 spell: Lee's Rapid Deconstruction
  2408 | D        | Escaped with the Orb!

Illustrated notes

Levels and vault maps discovered:
D:        sprint_v [room_start, room_1, room_2, room_3, room_4, room_5, room_6,
          room_7, room_8, room_9, room_10, room_11, room_12, room_13, room_14,
          room_15, room_16, room_17, room_18, room_19, room_20, room_21,
          room_22, room_23, room_24, room_25, room_26, room_27]

Skill      XL: |  1  2  3  4  5  6  7  8  9 10 11 12 13 14 15 16 17 18 19 |
---------------+----------------------------------------------------------+-----
Fighting       | 5 7 8 9 10 13 16 20 23 26 27 | 27.0
Maces & Flails | 4 6 7 8 9 11 13 14 15 19 20 21 23 26 27 | 27.0
Armour         | 5 7 10 13 15 17 22 27 | 27.0
Shields        | 5 8 10 13 15 18 23 26 27 | 27.0
Invocations    | 3 6 9 12 13 15 18 21 24 27 | 27.0
Dodging        | 5 6 8 10 13 17 27 | 27.0
Axes           | 7 |  7.2
Spellcasting   | 1 12 | 12.1
Earth Magic    | 2 18 | 18.8
Evocations     | 1 12 | 12.0
Conjurations   | 3 |  3.0

Action                     |  1- 3 |  4- 6 |  7- 9 | 10-12 | 13-15 | 16-18 | 19-21 || total
---------------------------+-------+-------+-------+-------+-------+-------+-------++-------
  Melee: Shillelagh        |     2 |    15 |    15 |    43 |     5 |       |       ||    80
         Demon whip        |       |       |       |       |   110 |    24 |       ||   134
         Labrys            |       |       |       |       |       |    31 |    47 ||    78
 Invoke: Disaster Area     |       |       |     2 |     8 |     9 |    11 |     4 ||    34
         Upheaval          |       |       |       |     1 |     4 |     2 |       ||     7
         Elemental Force   |       |       |       |       |     6 |     3 |       ||     9
  Evoke: Wand              |       |       |     2 |       |       |       |       ||     2
    Use: Potion            |     1 |       |       |     1 |    10 |     2 |       ||    14
         Scroll            |       |     6 |       |     8 |     5 |     5 |     1 ||    25
   Stab: Paralysed         |       |       |       |       |     9 |       |       ||     9
         Distracted        |       |       |       |       |     1 |       |       ||     1
 Armour: Gold dragon scale |     3 |     9 |     8 |    20 |    58 |    19 |    20 ||   137
  Dodge: Dodged            |     1 |     4 |       |    12 |    52 |    32 |    67 ||   168
         Repelled          |       |       |       |     2 |     3 |     3 |     1 ||     9
  Block: Kite shield       |     1 |    20 |    23 |    57 |   138 |    89 |   124 ||   452
         Reflection        |       |       |     2 |     2 |       |       |       ||     4

Table legend: (Time is in decaauts)
 A = Elapsed time spent in this place.
 B = Non-inter-level travel time spent in this place.
 C = Inter-level travel time spent in this place.
 D = Time resting spent in this place.
 E = Time spent auto-exploring this place.
 F = Levels seen in this place.
 G = Mean time per level.
                   A        B        C        D        E       F      G
               +--------+--------+--------+--------+--------+-----+--------+
         Total |   2285 |   2285 |      0 |    588 |     38 |   1 | 2285.0 |
       Dungeon |   2285 |   2285 |      0 |    588 |     38 |   1 | 2285.0 |
               +--------+--------+--------+--------+--------+-----+--------+

Top non-repeatable levels by time:
       D: 2285 daAuts
